 Dungeon Crawl Stone Soup version 0.28-a0-980-g3664467d6e (webtiles) character file.

Game seed: 4936860781065906595

28 Peloso the Covered (level 2, 0/27 HPs)
             Began as a Minotaur Fighter on Dec 2, 2021.
             Slain by Terence (8 damage)
             ... on level 2 of the Dungeon.
             The game lasted 00:01:29 (786 turns).

Peloso the Covered (Minotaur Fighter)                Turns: 786, Time: 00:01:30

Health: 0/27       AC:  7    Str: 20    XL:     2   Next: 96%
Magic:  1/1        EV:  5    Int:  5    God:
Gold:   40         SH: 11    Dex:  9    Spells: 1/1 levels left

rFire   . . .      SeeInvis .   a - +0 long sword
rCold   . . .      Faith    .   c - +0 tower shield
rNeg    . . .      Spirit   .   b - +0 scale mail
rPois   .          Reflect  .   (helmet restricted)
rElec   .          Harm     .   (no cloak)
rCorr   .          Rampage  .   (no gloves)
Will    .....                   (no boots)
Stlth   ..........              (no amulet)
HPRegen 0.09/turn               (no ring)
MPRegen 0.07/turn               (no ring)

@: no status effects
A: horns 2, retaliatory headbutt
a: no special abilities


You were on level 2 of the Dungeon.
You visited 1 branch of the dungeon, and saw 2 of its levels.

You collected 82 gold pieces.
You spent 42 gold pieces at shops.

Inventory:

Hand Weapons
 a - a +0 long sword (weapon)
Armour
 b - a +0 scale mail (worn)
 c - a +0 tower shield (worn)
Scrolls
 f - a scroll of identify {unknown}
 h - a scroll of enchant weapon {unknown}
 i - a scroll of magic mapping
 j - a scroll of immolation {unknown}
 k - a scroll of amnesia {unknown}
Potions
 d - a potion of might
 e - a potion of curing {unknown}
 g - a potion of attraction {unknown}


   Skills:
 + Level 4.0 Fighting
 + Level 2.9 Long Blades
 + Level 4.1 Armour
 + Level 4.0 Shields


You had one spell level left.
You didn't know any spells.
Your spell library contained the following spells:

 Spells                   Type           Power      Damage    Failure   Level
 Animate Skeleton         Necr           0%         N/A       100%        1
 Apportation              Tloc           0%         N/A       100%        1
 Summon Small Mammal      Summ           0%         N/A       100%        1


Dungeon Overview and Level Annotations

Branches:
Dungeon (2/15)

Altars:

Shops:
D:2 ?

Annotations:
D:2 Terence


Innate Abilities, Weirdness & Mutations

You have a pair of horns on your head.
You reflexively headbutt those who attack you in melee.


Message History

HP restored.
A ball python comes into view.
A ball python is nearby!
A ball python is nearby!
The ball python hisses angrily.
The ball python barely misses you. You block the ball python's attack.
You closely miss the ball python.
The ball python bites you but does no damage.
You block the ball python's attack.
The ball python bites you but does no damage.
The ball python barely misses you.
You slash the ball python!
You kill the ball python!
Found 24 sling bullets.
Found a ring mail.
Found a stone staircase leading down.
You now have 26 gold pieces (gained 6).
k - a scroll labelled UNUSIWN INENUSK You now have 40 gold pieces (gained 14).
There is a stone staircase leading down here.
Found a stone staircase leading up.
Terence the Incautious comes into view.
He is wielding a +0 trident and wearing a +3 chain mail of fire resistance.
Terence shouts!
Terence is nearby!
A goblin comes into view. It is wielding a +0 club.
Found 22 stones.
The goblin shouts!
You block Terence's attack.
You barely miss Terence. You block Terence's attack.
Terence hits you with a +0 trident.
You hit Terence but do no damage. You block Terence's attack. x2
You completely miss Terence. Your headbutt misses Terence.
Terence barely misses you.
You hit Terence but do no damage. You block Terence's attack.
Terence hits you with a +0 trident!
You barely miss Terence. Your headbutt misses Terence.
Terence hits you with a +0 trident! Terence hits you with a +0 trident.
* * * LOW HITPOINT WARNING * * *
You closely miss Terence. Terence hits you with a +0 trident!
You die...

#........# #.......[#
#........# #.....(..#
#........# .
#####.#..###### ...
#.#........
.....#########...>######
.....g@@................
(#######################


You could see Terence and a goblin.

Vanquished Creatures
  3 dart slugs (D:1)
  4 ball pythons
  An endoplasm (D:1)
  A giant cockroach (D:1)
  A goblin (D:1)
  3 hobgoblins (D:1)
  A kobold (D:1)
  2 quokkas
  A frilled lizard (D:1)
  A rat (D:1)
18 creatures vanquished.

Notes
Turn   | Place    | Note
-------+----------+-------------------------------------------
     0 | D:1      | Peloso the Minotaur Fighter began the quest for the Orb.
     0 | D:1      | Reached XP level 1. HP: 19/19 MP: 0/0
   220 | D:1      | Reached XP level 2. HP: 26/27 MP: 1/1
   543 | D:1      | Found a faded altar of an unknown god.
   645 | D:2      | Found Deuj's Magic Scroll Boutique.
   653 | D:2      | Bought a scroll of magic mapping for 42 gold pieces
   777 | D:2      | Noticed Terence
   786 | D:2      | Slain by Terence

Illustrated notes

Levels and vault maps discovered:
D:1:      enne_arrival_octagon_isle, layout_basic,
          hellmonk_ecumenical_altar_leap_of_faith
D:2:      layout_basic, serial_shops, shop, uniq_terence, uniq_natasha

Skill      XL: |  1  2 |
---------------+-------+-----
Armour         | 4 |  4.1
Fighting       | 4 |  4.0
Shields        | 4 |  4.0
Long Blades    | |  2.9

Action                   || total
-------------------------++-------
Melee: Long sword        ||    48
       Headbutt          ||     5
Armor: Scale mail        ||    27
Dodge: Dodged            ||    13
Block: Buckler           ||     4
       Tower shield      ||    15

Table legend: (Time is in decaauts)
 A = Elapsed time spent in this place.
 B = Non-inter-level travel time spent in this place.
 C = Inter-level travel time spent in this place.
 D = Time resting spent in this place.
 E = Time spent auto-exploring this place.
 F = Levels seen in this place.
 G = Mean time per level.
                   A        B        C        D        E       F      G
               +--------+--------+--------+--------+--------+-----+--------+
         Total |    804 |    795 |      9 |      0 |    578 |   2 |  402.0 |
       Dungeon |    804 |    795 |      9 |      0 |    578 |   2 |  402.0 |
               +--------+--------+--------+--------+--------+-----+--------+

Top non-repeatable levels by time:
     D:1: 648 daAuts
     D:2: 155 daAuts
